 Dungeon Crawl Stone Soup version 0.30.0-29-ga12c61a403 (webtiles) character file.

Game seed: 8562169925852620598

13039 Graphine the Cleaver (level 12, -3/110 HPs)
             Began as a Hill Orc Fighter on June 20, 2023.
             Was an Elder of Ignis.
             Slain by a death yak (11 damage)
             ... on level 2 of the Lair of Beasts.
             The game lasted 00:22:34 (8201 turns).

Graphine the Cleaver (Hill Orc Fighter)             Turns: 8201, Time: 00:22:34

Health: -3/110     AC: 22    Str: 24    XL:     12   Next: 1%
Magic:  4/4        EV:  8    Int:  8    God:    Ignis [****..]
Gold:   1288       SH:  6    Dex: 10    Spells: 11/11 levels left

rFire   + . .        d - +5 demon whip "Spellbinder" {antimagic, disrupt, Will+}
rCold   . . .        c - +0 buckler
rNeg    . . .        l - +1 chain mail
rPois   +            (no helmet)
rElec   .            B - +0 cloak {rPois}
rCorr   .            b - +0 pair of gloves
SInv    .            (no boots)
Will    +....        o - amulet of regeneration Stlth
                     v - ring of poison resistance
HPRegen 1.18/turn    e - ring of flight
MPRegen 0.09/turn

%: no passive effects
@: mighty, fiery-armoured, flying, hasted, studying Evocations, very quick
A: no striking features
a: Renounce Religion, Fiery Armour, Foxfire Swarm, Rising Flame


You were on level 2 of the Lair of Beasts.
You worshipped Ignis.
Ignis was greatly pleased with you.
You visited 2 branches of the dungeon, and saw 11 of its levels.
You also visited: Bailey.

You collected 1288 gold pieces.

Inventory:

Hand Weapons
 a - a +0 war axe of chaos
 d - the +5 demon whip "Spellbinder" (weapon) {antimagic, disrupt, Will+}
   (You found it in a bailey)

   Will:      It increases your willpower.
 i - a +2 dagger of draining
 y - a +1 broad axe of protection
Missiles
 w - 2 atropa-tipped darts (quivered)
 G - a throwing net
Armour
 b - a +0 pair of gloves (worn)
 c - a +0 buckler (worn)
 l - a +1 chain mail (worn)
 B - a +0 cloak of poison resistance (worn)
Jewellery
 e - a ring of flight (right hand)
 k - an amulet of the acrobat
 n - an amulet of magic regeneration
 o - an amulet of regeneration (around neck)
 p - an amulet of guardian spirit
 v - a ring of poison resistance (left hand)
Wands
 m - a wand of iceblast (15)
 q - a wand of acid (13)
 x - a wand of flame (10)
 z - a wand of polymorph (17)
Scrolls
 f - 5 scrolls of teleportation
 E - a scroll of fog
 F - a scroll of identify
 J - a scroll of enchant armour
 K - 3 scrolls of magic mapping
Potions
 h - 3 potions of magic
 j - 2 potions of degeneration
 s - a potion of flight
 u - 3 potions of attraction
 A - a potion of lignification
 C - a potion of might
Miscellaneous
 g - a lightning rod (3/4)
 H - a piece from Xom's chessboard (15/15)


   Skills:
 + Level 11.3 Fighting
 + Level 12.0(12.6) Axes
 + Level 5.4(8.5) Maces & Flails
 - Level 10.0 Armour
 - Level 10.0 Shields
 - Level 1.4 Invocations
 + Level 7.2 Evocations


You had 11 spell levels left.
You didn't know any spells.
Your spell library contained the following spells:

 Spells                   Type           Power      Damage    Failure   Level
 Shock                    Conj/Air       0%         1d3       91%         1
 Sting                    Tmut/Pois      0%         1d3       91%         1
 Summon Small Mammal      Summ           0%         N/A       91%         1
 Poisonous Vapours        Pois/Air       0%         N/A       97%         2
 Call Canine Familiar     Summ           0%         N/A       99%         3
 Dazzling Flash           Conj/Hex       0%         N/A       99%         3
 Summon Guardian Golem    Hex/Summ       0%         N/A       99%         3
 Swiftness                Air            0%         N/A       99%         3
 Airstrike                Air            0%         2d(0-16)  100%        4
 Olgreb's Toxic Radiance  Pois           0%         N/A       100%        4
 Agony                    Necr           0%         N/A       100%        5
 Silence                  Hex/Air        0%         N/A       100%        5


Dungeon Overview and Level Annotations

Branches:
Dungeon (9/15)             Temple (0/1) D:4            Lair (2/5) D:9
 Bailey (visited)
  Swamp: Lair:2-3    Shoals: Lair:2-3     Snake: Lair:2-3    Spider: Lair:2-3
    Orc: D:9-12

Altars:
Ashenzari
Cheibriados
Elyvilon
Hepliaklqana
Kikubaaqudgha
Makhleb
Okawaru
Qazlal
Trog
Uskayaw
Vehumet
Wu Jian
Yredelemnul
Zin
Ignis


Message History

The black mamba is heavily wounded.
The black mamba bites you.
* * * LOW HITPOINT WARNING * * *
The black mamba is burned by your cloak of flames.
The black mamba is heavily wounded.
You whack the black mamba!
The black mamba is almost dead.
You block the black mamba's attack.
You miss the black mamba.
The black mamba is almost dead.
The black mamba bites you but does no damage.
The black mamba is burned by your cloak of flames.
The black mamba is almost dead.
You whack the black mamba!
You kill the black mamba!
Your Axes skill increases to level 12!
You have reached level 12!
Aiming: Polymorph
Press: ? - help, Shift-Dir - straight line, f - death yak
Aim: a death yak (will become a yellow draconian, a quicksilver ooze, or a boulder beetle, chance to affect: 7%)
Okay, then.
You hit the death yak.
The death yak is lightly wounded.
You whack the death yak!
The death yak is moderately wounded.
The death yak gores you!
* * * LOW HITPOINT WARNING * * *
Okay, then.
Okay, then.
You whack the death yak!
The death yak is moderately wounded.
Okay, then.
Okay, then.
Aiming: Thunderbolt
Press: ? - help, Shift-Dir - straight line, f - death yak
Aim: a death yak (moderately wounded)
The thunderbolt hits the death yak!
The death yak is heavily wounded.
The death yak gores you!
You die...

.... .. .## ...##
#P.....## ...###
.....#..### ...#.
.....#....###....##
..........#P.##...###
.........##...##†..P##
.....D..#.P....#@....#
.....Y.....†..†Y##...P#
..............### ....#
.............## ...#
^...YY.......# ...
..?..S......... ..
.....Y.......... .
.................
................#


You could see a death yak.

Vanquished Creatures
  An orc warlord (Bailey)
  A hydra (Lair:2)
  A two-headed ogre (D:8)
  2 death yaks (Lair:2)
  Maurice (D:8)
  3 black mambas
  A cane toad (Lair:1)
  17 yaks
  2 wyverns
  A wraith (D:9)
  A steam dragon (D:8)
  2 water moccasins
  19 orc warriors
  2 ice beasts
  3 black bears
  3 ogres
  2 centaurs
  A phantom (D:5)
  A kobold brigand (D:6)
  6 bullfrogs
  A gnoll sergeant (D:9)
  2 scorpions
  9 wights
  6 killer bees (D:8)
  4 electric eels
  A jelly (D:5)
  3 hounds
  4 orc priests
  Crazy Yiuf (D:5)
  4 iguanas
  3 orc wizards
  Ijyb (D:5)
  5 adders
  8 gnolls
  2 shadow imps (D:5)
  An ufetubus (D:5)
  6 worms
  4 dart slugs
  20 orcs
  7 bats
  7 endoplasms
  5 giant cockroaches
  15 hobgoblins
  9 jackals (D:1)
  10 kobolds
  2 quokkas
  5 ball pythons
  3 frilled lizards
  17 goblins
  8 rats
243 creatures vanquished.

Vanquished Creatures (others)
  An orc wizard (D:9)
1 creature vanquished.

Grand Total: 244 creatures vanquished

Notes
Turn   | Place    | Note
-------+----------+-------------------------------------------
     0 | D:1      | Graphine the Hill Orc Fighter began the quest for the Orb.
     0 | D:1      | Reached XP level 1. HP: 19/19 MP: 1/1
   100 | D:1      | Reached XP level 2. HP: 16/27 MP: 2/2
   159 | D:1      | Reached skill level 3 in Axes
   162 | D:1      | Reached skill level 1 in Invocations
   245 | D:1      | Reached XP level 3. HP: 33/33 MP: 3/3
   300 | D:1      | Found a faded altar of an unknown god.
   309 | D:1      | Prayed at the altar of an unknown god.
   309 | D:1      | Became a worshipper of Ignis, the Dying Flame
   751 | D:1      | Identified a scroll of acquirement
   751 | D:1      | Acquired 592 gold pieces
   911 | D:2      | Found a snail-covered altar of Cheibriados.
   955 | D:2      | Reached XP level 4. HP: 32/40 MP: 5/5
  2119 | D:3      | Found a bloodstained altar of Trog.
  2506 | D:4      | Found a burning altar of Makhleb.
  2528 | D:4      | Reached XP level 5. HP: 47/47 MP: 6/6
  2555 | D:4      | Found a staircase to the Ecumenical Temple.
  2566 | D:4      | Reached skill level 4 in Axes
  2788 | D:4      | Found a radiant altar of Vehumet.
  2847 | D:4      | Found a glowing silver altar of Zin.
  2847 | D:4      | Noticed an angel
  2847 | D:4      | Noticed a balrug
  2949 | D:5      | Entered Level 5 of the Dungeon
  2960 | D:5      | Noticed a black bear
  2962 | D:5      | Noticed a centaur
  2963 | D:5      | Noticed an ogre
  2965 | D:5      | Killed a black bear
  2966 | D:5      | Reached skill level 5 in Fighting
  2966 | D:5      | Reached XP level 6. HP: 56/56 MP: 7/7
  2972 | D:5      | Reached skill level 5 in Axes
  2976 | D:5      | Reached skill level 5 in Armour
  2976 | D:5      | Reached skill level 5 in Shields
  2976 | D:5      | Reached XP level 7. HP: 51/61 MP: 8/8
  3029 | D:5      | Found a basalt altar of Yredelemnul.
  3344 | D:5      | Found a stormy altar of Qazlal.
  3424 | D:5      | Reached skill level 6 in Axes
  3471 | D:5      | Reached XP level 8. HP: 49/71 MP: 9/9
  3560 | D:5      | Noticed Ijyb
  3583 | D:5      | Killed Ijyb
  3894 | D:5      | Found a runed translucent door.
  3895 | D:5      | Noticed Crazy Yiuf
  3900 | D:5      | Killed Crazy Yiuf
  4120 | D:6      | Found a hide-covered altar of Uskayaw.
  4414 | D:6      | Found a hazy altar of Hepliaklqana.
  4419 | D:6      | Reached skill level 7 in Axes
  4734 | D:6      | Found a broken altar of Ashenzari.
  4781 | D:6      | Reached XP level 9. HP: 79/79 MP: 10/10
  4811 | D:6      | Found an ornate altar of the Wu Jian Council.
  4945 | D:7      | Found Ycilemp's General Store.
  5323 | D:7      | Found a flagged portal.
  5334 | Bailey   | Entered a bailey
  5363 | Bailey   | Reached skill level 8 in Axes
  5441 | Bailey   | Reached skill level 9 in Axes
  5481 | Bailey   | Reached XP level 10. HP: 91/91 MP: 11/11
  5530 | Bailey   | Noticed an orc warlord
  5556 | Bailey   | Killed an orc warlord
  5557 | Bailey   | Reached skill level 10 in Axes
  5656 | Bailey   | Found the +5 demon whip "Spellbinder" {antimagic, disrupt,
                  | Will+}
  5753 | Bailey   | Acquired a manual of Evocations
  5870 | D:7      | Found a white marble altar of Elyvilon.
  5976 | D:8      | Found an ancient bone altar of Kikubaaqudgha.
  6092 | D:8      | Identified the +0 quarterstaff of Mayhem {protect, Dex+4}
  6145 | D:8      | Noticed a two-headed ogre
  6148 | D:8      | Noticed Maurice
  6152 | D:8      | Killed a two-headed ogre
  6153 | D:8      | Reached skill level 1 in Maces & Flails
  6183 | D:8      | Killed Maurice
  6184 | D:8      | Reached skill level 10 in Fighting
  6900 | D:9      | Reached XP level 11. HP: 67/99 MP: 4/12
  7368 | D:9      | Found an iron altar of Okawaru.
  7520 | D:9      | Reached skill level 11 in Axes
  7538 | D:9      | Reached skill level 5 in Evocations
  7573 | D:9      | Found a staircase to the Lair.
  7788 | Lair:1   | Entered Level 1 of the Lair of Beasts
  8122 | Lair:1   | You are sucked into a shaft and drop 1 floor!
  8122 | Lair:2   | Noticed a seven-headed hydra
  8165 | Lair:2   | Noticed a death yak
  8177 | Lair:2   | Noticed a death yak
  8181 | Lair:2   | Killed a seven-headed hydra
  8181 | Lair:2   | Noticed a death yak
  8182 | Lair:2   | Reached skill level 10 in Armour
  8182 | Lair:2   | Reached skill level 10 in Shields
  8186 | Lair:2   | Killed a death yak
  8189 | Lair:2   | Reached skill level 5 in Maces & Flails
  8189 | Lair:2   | Killed a death yak
  8198 | Lair:2   | Reached skill level 12 in Axes
  8198 | Lair:2   | Reached XP level 12. HP: 18/110 MP: 4/13
  8201 | Lair:2   | Slain by a death yak

Illustrated notes

Levels and vault maps discovered:
D:1:      evilmike_arrival_rings, layout_rooms, ebering_ecumenical_altar_webs,
          minmay_heptomino_d4
D:2:      layout_basic, basic_altar, kennysheep_pointless_box,
          minmay_misc_feat_ornament, minmay_misc_feat_iff,
          chequers_serial_rivers_micro_c
D:3:      layout_loops_ring, mainiacjoe_overflow_surrounded_room
D:4:      layout_cave_pools, grunt_temple_overflow_order_and_chaos_2,
          fiery_altar_vehumet, minmay_temple_entry_tees, nrook_loot_triangle
D:5:      layout_basic, mainiacjoe_overflow_six_doors_small,
          mainiacjoe_overflow_concentric_impassable, uniq_crazy_yiuf_cottage,
          uniq_ijyb
D:6:      layout_loops_cross, nzn_wu_jian_council_hall,
          mainiacjoe_overflow_cross_hatched, nicolae_uskayaw_dance_studio,
          ashenzari_altar_1
D:7:      layout_gridville, mainiacjoe_overflow_alcove_2, serial_shops,
          nicolae_inconvenience_store, enter_bailey_6
D:8:      layout_loops_corners, lemuel_crystal_altar, uniq_maurice
D:9:      layout_long_grid, old_standard_altar, lair_entry_dummy,
          kennysheep_boxes
Lair:1:   layout_regular_city, serial_bayou_lagoon_b
Lair:2:   layout_hall_layers

Skill      XL: |  1  2  3  4  5  6  7  8  9 10 11 |
---------------+----------------------------------+-----
Axes           | 3 4 5 6 7 9 10 12 | 12.0
Invocations    | 1 |  1.4
Fighting       | 4 5 6 7 9 10 11 | 11.3
Armour         | 4 5 6 8 9 10 | 10.0
Shields        | 4 5 6 8 9 10 | 10.0
Maces & Flails | 2 5 |  5.4
Evocations     | 3 7 |  7.2

Action                     |  1- 3 |  4- 6 |  7- 9 | 10-12 || total
---------------------------+-------+-------+-------+-------++-------
  Melee: War axe           |   111 |   119 |   240 |    34 ||   504
         Demon whip        |       |       |       |   272 ||   272
 Invoke: Fiery Armour      |       |     1 |     1 |     1 ||     3
  Evoke: Wand              |       |       |       |     9 ||     9
         Lightning rod     |       |       |       |     8 ||     8
    Use: Scroll            |     3 |    10 |     7 |     9 ||    29
         Potion            |       |       |       |    11 ||    11
 Armour: Scale mail        |    74 |       |       |       ||    74
         Chain mail        |    12 |    66 |   116 |   125 ||   319
  Dodge: Dodged            |    91 |    58 |   112 |    86 ||   347
  Block: Buckler           |    42 |    23 |    53 |    77 ||   195
